 Dungeon Crawl Stone Soup version 0.31-a0-202-g547052bce9 (webtiles) character file.

Game seed: 4624427223495360239

113 qw the Skirmisher (level 4, -4/25 HPs)
             Began as a Deep Elf Hunter on June 25, 2023.
             Slain by a kobold brigand
             ... wielding a +0 dagger
              (5 damage)
             ... in a sewer.
             The game lasted 00:00:52 (2107 turns).

qw the Skirmisher (Deep Elf Hunter)                 Turns: 2107, Time: 00:00:52

Health: -4/25      AC:  5    Str: 10    XL:     4   Next: 65%
Magic:  6/6        EV: 12    Int: 14    God:
Gold:   168        SH:  0    Dex: 18    Spells: 3/3 levels left

rFire   . . .        Y - +0 shortbow
rCold   . . .        (shield currently unavailable)
rNeg    . . .        c - +0 leather armour
rPois   .            (no helmet)
rElec   .            e - +0 cloak
rCorr   .            (no gloves)
SInv    .            b - +0 pair of boots
Will    .....        (no amulet)
Stlth   ++           d - +4 ring of slaying {mikee}
HPRegen 0.24/turn    (no ring)
MPRegen 0.10/turn

%: no passive effects
@: no status effects
A: no striking features
a: no special abilities


You were in a sewer.
You visited 1 branch of the dungeon, and saw 3 of its levels.
You also visited: Sewer.

You collected 168 gold pieces.


   Skills:
 - Level 1.5 Fighting
 + Level 8.1 Ranged Weapons
 - Level 2.4 Dodging
 - Level 1.2 Stealth


You had 3 spell levels left.
You didn't know any spells.
Your spell library was empty.

Inventory:

Hand Weapons
 Y - a +0 shortbow (weapon)
Armour
 b - a +0 pair of boots (worn)
 c - a +0 leather armour (worn)
 e - a +0 cloak (worn)
Jewellery
 d - a +4 ring of slaying (left hand) {mikee}
Scrolls
 a - a scroll of identify
Potions
 f - a potion of might

Dungeon Overview and Level Annotations

Branches:
Dungeon (3/15)              Sewer (1/1)

Altars:
Cheibriados


Message History

The arrow closely misses the kobold brigand.
The kobold hits you but does no damage.
The kobold brigand hits you with a +0 dagger.
You shoot an arrow. The arrow hits the kobold brigand.
The kobold brigand is lightly wounded.
The kobold hits you but does no damage.
The kobold brigand hits you with a +0 dagger.
You shoot an arrow.
The arrow barely misses the kobold brigand.
The kobold hits you but does no damage. The kobold brigand closely misses you.
You shoot an arrow. The arrow misses the kobold brigand.
The kobold misses you. The kobold brigand closely misses you.
You shoot an arrow. The arrow hits the kobold brigand.
The kobold brigand is lightly wounded.
The kobold barely misses you.
The kobold brigand hits you with a +0 dagger.
You shoot an arrow.
The arrow barely misses the kobold brigand.
The kobold hits you but does no damage. The kobold brigand barely misses you.
You shoot an arrow. The arrow hits the kobold brigand.
The kobold brigand is moderately wounded.
The kobold hits you but does no damage. The kobold brigand misses you.
You shoot an arrow. The arrow hits the kobold brigand!
The kobold brigand is heavily wounded.
The kobold barely misses you.
The kobold brigand hits you with a +0 dagger.
You shoot an arrow. The arrow hits the kobold brigand.
The kobold brigand is severely wounded.
The kobold barely misses you. The kobold brigand misses you.
The kobold hits you but does no damage.
The kobold brigand hits you but does no damage.
You shoot an arrow. The arrow hits the kobold brigand.
The kobold brigand is severely wounded.
The kobold hits you but does no damage.
The kobold brigand hits you with a +0 dagger!
You shoot an arrow. The arrow hits the kobold brigand.
The kobold brigand is almost dead.
The kobold closely misses you.
The kobold brigand hits you with a +0 dagger.
You die...

#\\.#~~~# #...'~~~#
######~~~######
#....#~~~#.!.!#
#..\.#~~~#.\?.#
#..).#~~~#..).#
#..))#~~~#....
##''##~~~##KK###
#....#~~~#..@..###
###...P#~~~#.......#
#....~~~~~~#.......#
##...~~~~~~#.......#
##...~P#~~~#P......#
#....~~#~~~#~~.P...#
#......#~~~#~~~....##
#..%...#~~~~~~......#
#......#~~~~~~......#


You could see a kobold brigand and a kobold.

Vanquished Creatures
  4 adders
  A river rat (D:3)
  2 dart slugs (D:1)
  A worm (D:3)
  2 orcs (D:3)
  4 endoplasms
  6 giant cockroaches
  5 goblins
  5 hobgoblins
  A quokka (D:1)
  7 ball pythons
  7 bats
  A frilled lizard (D:2)
  7 kobolds
  7 rats
60 creatures vanquished.

Notes
Turn   | Place    | Note
-------+----------+-------------------------------------------
     0 | D:1      | qw the Deep Elf Hunter began the quest for the Orb.
     0 | D:1      | Reached XP level 1. HP: 12/12 MP: 3/3
     0 | D:1      | 0 ||| qw: Version: 0.3-a-22-g0ed2b0b
     0 | D:1      | 0 ||| qw: Game counter: 5731
     0 | D:1      | 0 ||| qw: Melee chars always use a shield: true
     0 | D:1      | 0 ||| qw: God list: Okawaru
     0 | D:1      | 0 ||| qw: Allow faded altars: false
     0 | D:1      | 0 ||| qw: Do Orc after clearing Dungeon:15 true
     0 | D:1      | 0 ||| qw: Do second Lair branch before Depths: true
     0 | D:1      | 0 ||| qw: Lair rune preference: random
     0 | D:1      | 0 ||| qw: Goals: Normal
     0 | D:1      | 0 ||| PLANNING D:1-11
   106 | D:1      | Found a faded altar of an unknown god.
   106 | D:1      | You fall into a shaft and drop 1 floor!
   146 | D:2      | Reached skill level 6 in Ranged Weapons
   146 | D:2      | Reached XP level 2. HP: 8/16 MP: 4/4
   204 | D:2      | 204 ||| READING 2 scrolls labelled DYONWOSAGG.
   205 | D:2      | 205 ||| DROPPING scroll of butterflies.
   633 | D:1      | 633 ||| FLEEEEING.
   642 | D:1      | Reached XP level 3. HP: 19/20 MP: 5/5
   799 | D:1      | 799 ||| UPGRADING to +0 cloak.
   804 | D:1      | 804 ||| READING scroll labelled DUS NYLECHOSUY.
   805 | D:1      | 805 ||| READING scroll labelled HUOQOC WOBBEUCW.
   806 | D:1      | 806 ||| READING 2 scrolls of identify.
   806 | D:1      | 806 ||| IDENTIFYING viscous pink potion
   807 | D:1      | 807 ||| DROPPING potion of lignification.
  1249 | D:2      | Reached skill level 7 in Ranged Weapons
  1494 | D:2      | 1494 ||| UPGRADING to +0 pair of boots.
  1499 | D:2      | 1499 ||| UPGRADING to +4 ring of slaying {mikee}.
  1500 | D:2      | 1500 ||| READING scroll labelled WIYPHOD HELI.
  1501 | D:2      | 1501 ||| READING 2 scrolls labelled CIBECK IDEMM.
  1602 | D:2      | 1602 ||| READING scroll labelled ACIAGG FASIR.
  1603 | D:2      | 1603 ||| READING 3 scrolls of identify.
  1603 | D:2      | 1603 ||| IDENTIFYING white potion
  1604 | D:2      | 1604 ||| READING 2 scrolls of identify.
  1604 | D:2      | 1604 ||| IDENTIFYING sapphire potion
  1605 | D:2      | 1605 ||| DROPPING potion of invisibility.
  1606 | D:2      | 1606 ||| DROPPING scroll of silence.
  1642 | D:3      | 1642 ||| PLANNING SEWER
  1682 | D:3      | Reached XP level 4. HP: 24/25 MP: 6/6
  1772 | D:3      | Found a snail-covered altar of Cheibriados.
  1963 | D:3      | Found a glowing drain.
  1964 | D:3      | 1964 ||| READING scroll labelled XYG ERAECUUSMO.
  1979 | Sewer    | Entered a sewer
  2016 | Sewer    | Reached skill level 8 in Ranged Weapons
  2064 | Sewer    | 2064 ||| Stepping ~*~*~tactically~*~*~ (water).
  2093 | Sewer    | Noticed a kobold brigand
  2106 | Sewer    | HP: 1/25 [kobold brigand/+0 dagger (7)]
  2107 | Sewer    | Slain by a kobold brigand

Levels and vault maps discovered:
D:1:      grunt_arrival_crossed_arrows, layout_loops_ring,
          hellmonk_ecumenical_altar_pennies_from_heaven,
          hangedman_decor_opposing, dreamdust_wishing_well
D:2:      layout_loops_ring, grunt_ministairs_5, chequers_mini_garden,
          chequers_serial_rivers_small_a, minmay_tall_x
D:3:      layout_rooms, lemuel_round_altar, portal_sewer_entry_b, st_stairs_5
Sewer:    kennysheep_pipe_town

Skill      XL: |  1  2  3  4 |
---------------+-------------+-----
Ranged Weapons | 6 7 8 |  8.1
Fighting       | |  1.5
Dodging        | |  2.4
Stealth        | |  1.2

Action                     |  1- 3 |  4- 6 || total
---------------------------+-------+-------++-------
   Fire: Shortbow          |   121 |    59 ||   180
    Use: Scroll            |     9 |     1 ||    10
 Armour: Leather armour    |    12 |    12 ||    24
  Dodge: Dodged            |    35 |    14 ||    49

Table legend:
 A = Non-vault XP
 B = Vault XP
 C = Vault XP percentage of total XP
 D = Non-vault monster count
 E = Vault monster count
 F = Vault count percentage of total count
                 A         B        C        D         E       F
            +---------+---------+-------+---------+---------+-------
      Total |     107 |      55 |  34.0 |      37 |      23 |  38.3
            +---------+---------+-------+---------+---------+-------
        D:1 |      26 |       0 |   0.0 |      13 |       0 |   0.0
        D:2 |      33 |      19 |  36.5 |      13 |       5 |  27.8
        D:3 |      48 |      18 |  27.3 |      11 |       4 |  26.7
      Sewer |       0 |      18 | 100.0 |       0 |      14 | 100.0
            +---------+---------+-------+---------+---------+-------
